[ AOE2 MATCH · #505075456 ]
UnrankedBengalis vs Slavs
Player's team · WIN
Rival team · LOSS
[ REPLAY ANALYSIS · EXTRACTED FROM THE RECORDED GAME ]
Feudal
10:30
Castle
16:58
Imperial
37:39
| APM avg | 89.4 |
| APM peak | 155 |
| eAPM avg | 46.5 |
| Villagers / military | 324 / 460 |
Focus
⚔️ 43.7% · 🌾 56.3%
Spearman ×208 · Ratha (Ranged) ×129 · Scout Cavalry ×107 · Trebuchet (Packed) ×10 · Mangonel ×3 · Armored Elephant ×2
Feudal
8:57
Castle
19:04
Imperial
39:41
| APM avg | 85.2 |
| APM peak | 170 |
| eAPM avg | 42.9 |
| Villagers / military | 306 / 601 |
Focus
⚔️ 41.0% · 🌾 59.0%
Skirmisher ×218 · Boyar ×186 · Scout Cavalry ×126 · Monk ×31 · Battering Ram ×22 · Militia ×6
Match map
Initial resources + every placement click. Lines = walls · curves = elevation contours. ◆ gold · ⬟ stone · ● berries · ✦ relic · ◌ wall gap
Your base· Open — opponent sealed themselves in
jsemosoom's base· ✓ Closed at 19:04 · 41t walls · no gate
Smoothed initial terrain · ◌ = detected wall gap · hover for details
Inputs per minute
— Speed - - jsemosoom
Build order — Speed
First 150 of 1081 actions detected
| 0:00 | Create | Villager (Male) |
| 0:00 | Create | Villager (Male) |
| 0:01 | Create | Villager (Male) |
| 0:02 | Build | House |
| 0:03 | Build | House |
| 1:12 | Create | Villager (Male) |
| 1:33 | Create | Villager (Male) |
| 1:59 | Create | Villager (Male) |
| 1:59 | Create | Villager (Male) |
| 2:19 | Create | Villager (Male) |
| 2:43 | Build | Lumber Camp |
| 2:53 | Create | Villager (Male) |
| 3:17 | Create | Villager (Male) |
| 3:17 | Create | Villager (Male) |
| 3:29 | Build | House |
| 3:37 | Build | House |
| 4:06 | Create | Villager (Male) |
| 4:25 | Create | Villager (Male) |
| 4:49 | Create | Villager (Male) |
| 5:12 | Create | Villager (Male) |
| 5:33 | Build | Mill |
| 5:39 | Create | Villager (Male) |
| 5:46 | Build | House |
| 6:08 | Create | Villager (Male) |
| 6:18 | Build | Palisade Wall |
| 6:18 | Build | Palisade Wall |
| 6:32 | Create | Villager (Male) |
| 6:59 | Create | Villager (Male) |
| 7:03 | Build | Palisade Wall |
| 7:04 | Build | Palisade Wall |
| 7:05 | Build | Palisade Wall |
| 7:05 | Build | Palisade Wall |
| 7:06 | Build | Palisade Wall |
| 7:15 | Create | Villager (Male) |
| 7:15 | Research | Loom |
| 7:30 | Build | Palisade Wall |
| 7:31 | Build | Palisade Wall |
| 7:31 | Build | Palisade Wall |
| 7:32 | Build | Palisade Wall |
| 7:33 | Build | Palisade Wall |
| 7:33 | Build | Palisade Wall |
| 7:56 | Build | Palisade Wall |
| 8:15 | Research | Feudal Age |
| 8:24 | Build | Mining Camp |
| 8:47 | Build | House |
| 8:48 | Build | Palisade Wall |
| 8:49 | Build | Palisade Wall |
| 8:50 | Build | Palisade Wall |
| 8:50 | Build | Palisade Wall |
| 9:15 | Build | Palisade Wall |
| 9:17 | Build | Palisade Wall |
| 9:19 | Build | Palisade Wall |
| 9:21 | Build | House |
| 9:22 | Build | Palisade Wall |
| 9:24 | Create | Villager (Male) |
| 9:36 | Create | Villager (Male) |
| 9:40 | Build | House |
| 9:42 | Create | Villager (Male) |
| 9:48 | Create | Villager (Male) |
| 9:52 | Create | Villager (Male) |
| 9:59 | Build | Palisade Wall |
| 9:59 | Build | Palisade Wall |
| 10:11 | Build | Palisade Wall |
| 10:30 | Age | Feudal Age |
| 10:38 | Create | Villager (Male) |
| 10:52 | Build | Palisade Wall |
| 10:57 | Build | Watch Tower |
| 11:23 | Build | Palisade Wall |
| 11:24 | Create | Villager (Male) |
| 11:40 | Build | Market |
| 11:58 | Create | Villager (Male) |
| 12:07 | Build | Palisade Wall |
| 12:31 | Create | Villager (Male) |
| 12:39 | Build | House |
| 12:48 | Build | Palisade Wall |
| 12:49 | Build | Palisade Wall |
| 13:08 | Build | Blacksmith |
| 13:21 | Build | Palisade Wall |
| 13:27 | Build | Farm |
| 13:50 | Build | Farm |
| 14:18 | Research | Castle Age |
| 14:18 | Research | Castle Age |
| 14:52 | Build | Farm |
| 14:52 | Build | Farm |
| 14:58 | Build | Farm |
| 15:05 | Build | House |
| 15:10 | Build | Palisade Wall |
| 15:12 | Build | Palisade Wall |
| 15:13 | Build | Palisade Wall |
| 15:16 | Build | Palisade Wall |
| 15:41 | Build | Farm |
| 15:52 | Build | Farm |
| 15:54 | Build | Farm |
| 15:57 | Build | House |
| 16:42 | Create | Villager (Male) |
| 16:58 | Age | Castle Age |
| 17:00 | Build | Castle |
| 17:13 | Build | Mining Camp |
| 17:14 | Research | Double-Bit Axe |
| 17:15 | Create | Villager (Male) |
| 17:37 | Create | Villager (Male) |
| 18:07 | Create | Ratha (Ranged) |
| 18:07 | Create | Villager (Male) |
| 18:25 | Research | Bow Saw |
| 18:26 | Create | Ratha (Ranged) |
| 18:41 | Build | Farm |
| 18:45 | Create | Villager (Male) |
| 18:57 | Create | Ratha (Ranged) |
| 19:17 | Create | Villager (Male) |
| 19:24 | Create | Ratha (Ranged) |
| 19:41 | Create | Villager (Male) |
| 19:45 | Build | Town Center |
| 19:59 | Create | Ratha (Ranged) |
| 20:00 | Create | Villager (Male) |
| 20:19 | Build | Farm |
| 20:22 | Create | Ratha (Ranged) |
| 20:26 | Create | Villager (Male) |
| 20:43 | Create | Ratha (Ranged) |
| 20:47 | Create | Villager (Male) |
| 20:57 | Build | Farm |
| 20:59 | Build | Farm |
| 20:59 | Create | Villager (Male) |
| 20:59 | Create | Villager (Male) |
| 21:11 | Create | Ratha (Ranged) |
| 21:23 | Create | Villager (Male) |
| 21:28 | Build | Siege Workshop |
| 21:42 | Create | Villager (Male) |
| 21:45 | Build | Farm |
| 21:46 | Build | Farm |
| 21:48 | Create | Ratha (Ranged) |
| 21:58 | Create | Ratha (Ranged) |
| 21:58 | Create | Villager (Male) |
| 22:12 | Create | Villager (Male) |
| 22:21 | Create | Ratha (Ranged) |
| 22:26 | Create | Villager (Male) |
| 22:32 | Create | Ratha (Ranged) |
| 22:38 | Create | Villager (Male) |
| 22:45 | Build | Lumber Camp |
| 22:54 | Create | Villager (Male) |
| 22:55 | Create | Villager (Male) |
| 23:00 | Create | Mangonel |
| 23:06 | Build | Monastery |
| 23:11 | Create | Ratha (Ranged) |
| 23:15 | Create | Villager (Male) |
| 23:26 | Create | Villager (Male) |
| 23:41 | Build | House |
| 23:41 | Build | House |
| 23:43 | Create | Monk |
| 23:47 | Create | Villager (Male) |
| 23:49 | Build | Farm |
Build order — jsemosoom
First 150 of 1245 actions detected
| 0:00 | Create | Villager (Male) |
| 0:00 | Create | Villager (Male) |
| 0:01 | Create | Villager (Male) |
| 0:02 | Build | House |
| 0:02 | Build | House |
| 0:18 | Create | Villager (Male) |
| 1:23 | Create | Villager (Male) |
| 1:59 | Create | Villager (Male) |
| 2:02 | Build | Lumber Camp |
| 2:25 | Create | Villager (Male) |
| 2:25 | Create | Villager (Male) |
| 2:25 | Create | Villager (Male) |
| 2:44 | Create | Villager (Male) |
| 3:19 | Create | Villager (Male) |
| 3:49 | Build | House |
| 4:09 | Create | Villager (Male) |
| 4:26 | Create | Villager (Male) |
| 4:27 | Create | Villager (Male) |
| 5:05 | Build | Barracks |
| 5:17 | Create | Villager (Male) |
| 5:34 | Create | Villager (Male) |
| 5:54 | Create | Villager (Male) |
| 6:32 | Build | Mill |
| 6:47 | Research | Feudal Age |
| 7:02 | Create | Militia |
| 7:02 | Create | Militia |
| 7:22 | Create | Militia |
| 7:31 | Build | Mining Camp |
| 7:34 | Build | Mining Camp |
| 7:42 | Create | Militia |
| 8:01 | Create | Villager (Male) |
| 8:15 | Build | House |
| 8:19 | Build | House |
| 8:57 | Age | Feudal Age |
| 9:01 | Research | Man-at-Arms (upgrade) |
| 9:05 | Create | Villager (Male) |
| 9:14 | Build | Archery Range |
| 9:51 | Research | Double-Bit Axe |
| 10:04 | Create | Villager (Male) |
| 10:11 | Create | Villager (Male) |
| 10:18 | Build | House |
| 10:24 | Build | Farm |
| 10:43 | Create | Villager (Male) |
| 10:45 | Create | Villager (Male) |
| 10:48 | Build | Farm |
| 10:49 | Build | Farm |
| 10:54 | Create | Archer |
| 10:59 | Create | Archer |
| 11:00 | Create | Villager (Male) |
| 11:09 | Build | Farm |
| 11:35 | Create | Villager (Male) |
| 11:38 | Create | Archer |
| 11:43 | Build | Farm |
| 11:50 | Create | Villager (Male) |
| 11:56 | Build | House |
| 11:59 | Build | Farm |
| 12:14 | Create | Villager (Male) |
| 12:15 | Build | Farm |
| 12:18 | Build | House |
| 12:19 | Build | House |
| 12:38 | Create | Villager (Male) |
| 13:00 | Build | Farm |
| 13:00 | Build | Farm |
| 13:01 | Create | Villager (Male) |
| 13:03 | Build | Farm |
| 13:21 | Build | Outpost |
| 13:22 | Build | Outpost |
| 13:29 | Build | Stone Wall |
| 13:32 | Build | Stone Wall |
| 13:33 | Build | Stone Wall |
| 13:37 | Create | Villager (Male) |
| 13:41 | Build | Stone Wall |
| 13:51 | Build | Farm |
| 13:52 | Research | Loom |
| 13:58 | Build | Stone Wall |
| 14:00 | Build | Stone Wall |
| 14:13 | Build | Stone Wall |
| 14:14 | Create | Villager (Male) |
| 14:16 | Build | Mining Camp |
| 14:27 | Build | House |
| 14:39 | Create | Villager (Male) |
| 14:40 | Build | Farm |
| 14:42 | Build | Farm |
| 15:01 | Build | Stone Wall |
| 15:32 | Build | Outpost |
| 15:38 | Create | Villager (Male) |
| 15:44 | Build | Blacksmith |
| 15:44 | Build | Stone Wall |
| 15:57 | Build | House |
| 16:03 | Build | Stone Wall |
| 16:05 | Build | Stone Wall |
| 16:24 | Research | Castle Age |
| 16:27 | Research | Horse Collar |
| 16:47 | Build | Outpost |
| 16:54 | Create | Villager (Male) |
| 17:07 | Research | Town Watch |
| 17:07 | Research | Town Watch |
| 17:12 | Build | Outpost |
| 17:19 | Research | Gold Mining |
| 17:23 | Create | Villager (Male) |
| 18:11 | Build | House |
| 18:11 | Build | House |
| 18:20 | Build | Lumber Camp |
| 19:04 | Age | Castle Age |
| 19:06 | Create | Villager (Male) |
| 19:20 | Build | Monastery |
| 19:56 | Create | Skirmisher |
| 19:57 | Create | Skirmisher |
| 19:59 | Research | Fletching |
| 20:00 | Research | Padded Archer Armor |
| 20:00 | Research | Padded Archer Armor |
| 20:01 | Create | Villager (Male) |
| 20:04 | Create | Monk |
| 20:07 | Build | Monastery |
| 20:28 | Build | House |
| 20:28 | Build | House |
| 20:29 | Create | Villager (Male) |
| 20:36 | Research | Sanctity |
| 20:36 | Create | Monk |
| 20:37 | Build | Farm |
| 20:44 | Create | Skirmisher |
| 20:48 | Research | Bodkin Arrow |
| 20:49 | Create | Villager (Male) |
| 20:53 | Create | Monk |
| 21:07 | Create | Skirmisher |
| 21:12 | Build | Lumber Camp |
| 21:12 | Create | Villager (Male) |
| 21:16 | Create | Skirmisher |
| 21:17 | Create | Monk |
| 21:28 | Build | Farm |
| 21:32 | Create | Skirmisher |
| 21:37 | Create | Villager (Male) |
| 21:46 | Create | Villager (Male) |
| 21:51 | Create | Monk |
| 21:55 | Create | Villager (Male) |
| 22:06 | Create | Villager (Male) |
| 22:06 | Create | Skirmisher |
| 22:29 | Create | Villager (Male) |
| 22:30 | Create | Villager (Male) |
| 22:30 | Create | Villager (Male) |
| 22:34 | Create | Skirmisher |
| 22:34 | Create | Skirmisher |
| 22:37 | Create | Villager (Male) |
| 22:46 | Build | Town Center |
| 22:51 | Create | Monk |
| 22:53 | Create | Skirmisher |
| 23:10 | Build | House |
| 23:11 | Build | House |
| 23:12 | Build | Outpost |
| 23:12 | Create | Villager (Male) |
Match timeline
| 5:05 | jsemosoom · first_building Barracks |
| 6:18 | Speed · wall_segment Palisade Wall x1 |
| 6:18 | Speed · wall_segment Palisade Wall x1 |
| 7:03 | Speed · wall_segment Palisade Wall x1 |
| 7:04 | Speed · wall_segment Palisade Wall x1 |
| 7:05 | Speed · wall_segment Palisade Wall x1 |
| 7:05 | Speed · wall_segment Palisade Wall x1 |
| 7:06 | Speed · wall_segment Palisade Wall x1 |
| 7:30 | Speed · wall_segment Palisade Wall x1 |
| 7:31 | Speed · wall_segment Palisade Wall x1 |
| 7:31 | Speed · wall_segment Palisade Wall x1 |
| 7:32 | Speed · wall_segment Palisade Wall x1 |
| 7:33 | Speed · wall_segment Palisade Wall x1 |
| 7:33 | Speed · wall_segment Palisade Wall x1 |
| 7:56 | Speed · wall_segment Palisade Wall x1 |
| 8:48 | Speed · wall_segment Palisade Wall x1 |
| 8:49 | Speed · wall_segment Palisade Wall x1 |
| 8:50 | Speed · wall_segment Palisade Wall x1 |
| 8:50 | Speed · wall_segment Palisade Wall x1 |
| 8:57 | jsemosoom · age_up feudal |
| 9:14 | jsemosoom · first_building Archery Range |
| 9:15 | Speed · wall_segment Palisade Wall x1 |
| 9:17 | Speed · wall_segment Palisade Wall x1 |
| 9:19 | Speed · wall_segment Palisade Wall x1 |
| 9:22 | Speed · wall_segment Palisade Wall x1 |
| 9:59 | Speed · wall_segment Palisade Wall x1 |
| 9:59 | Speed · wall_segment Palisade Wall x2 |
| 10:11 | Speed · wall_segment Palisade Wall x1 |
| 10:30 | Speed · age_up feudal |
| 10:52 | Speed · wall_segment Palisade Wall x1 |
| 11:23 | Speed · wall_segment Palisade Wall x1 |
| 12:07 | Speed · wall_segment Palisade Wall x1 |
| 12:26 | Speed · first_market_sell 100 wood |
| 12:48 | Speed · wall_segment Palisade Wall x1 |
| 12:49 | Speed · wall_segment Palisade Wall x1 |
| 13:21 | Speed · wall_segment Palisade Wall x1 |
| 13:29 | jsemosoom · wall_segment Stone Wall x9 |
| 13:32 | jsemosoom · wall_segment Stone Wall x7 |
| 13:33 | jsemosoom · wall_segment Stone Wall x2 |
| 13:41 | jsemosoom · wall_segment Stone Wall x4 |
| 13:58 | jsemosoom · wall_segment Stone Wall x9 |
| 14:00 | jsemosoom · wall_segment Stone Wall x5 |
| 14:13 | jsemosoom · wall_segment Stone Wall x1 |
| 15:01 | jsemosoom · wall_segment Stone Wall x1 |
| 15:10 | Speed · wall_segment Palisade Wall x1 |
| 15:12 | Speed · wall_segment Palisade Wall x1 |
| 15:13 | Speed · wall_segment Palisade Wall x1 |
| 15:16 | Speed · wall_segment Palisade Wall x1 |
| 15:44 | jsemosoom · wall_segment Stone Wall x1 |
| 16:03 | jsemosoom · wall_segment Stone Wall x1 |
| 16:05 | jsemosoom · wall_segment Stone Wall x1 |
| 16:58 | Speed · age_up castle |
| 17:00 | Speed · first_building Castle |
| 19:04 | jsemosoom · age_up castle |
| 19:20 | jsemosoom · first_building Monastery |
| 21:28 | Speed · first_building Siege Workshop |
| 23:06 | Speed · first_building Monastery |
| 24:37 | jsemosoom · first_market_sell 100 wood |
| 26:41 | jsemosoom · first_building Castle |
| 28:09 | jsemosoom · wall_segment Stone Wall x1 |
| 29:53 | jsemosoom · wall_segment Stone Wall x1 |
| 29:54 | jsemosoom · wall_segment Stone Wall x1 |
| 29:54 | jsemosoom · wall_segment Stone Wall x1 |
| 29:55 | jsemosoom · wall_segment Stone Wall x1 |
| 29:56 | jsemosoom · wall_segment Stone Wall x2 |
| 29:56 | jsemosoom · wall_segment Stone Wall x1 |
| 33:05 | jsemosoom · first_building Stable |
| 34:03 | Speed · first_market_buy 100 stone |
| 34:16 | jsemosoom · first_market_buy 100 stone |
| 37:33 | Speed · first_building Barracks |
| 37:39 | Speed · age_up imperial |
| 39:41 | jsemosoom · age_up imperial |
| 40:03 | Speed · first_building Stable |
| 44:15 | Speed · wall_segment Stone Wall x2 |
| 44:16 | Speed · wall_segment Stone Wall x1 |
| 54:37 | jsemosoom · first_building Siege Workshop |
| 61:45 | Speed · wall_segment Palisade Wall x1 |
| 73:26 | jsemosoom · resign |
[ AI ANALYSIS · 1 CREDIT ]
What really happened in this match?
Wolo.gg analyzes every decision: build order, eco, micro, common mistakes by bracket. Personalized analysis on WhatsApp or Discord in 30 seconds.
Civ guide
Bengalis
Perfil
Jugador #17731854